 Dungeon Crawl Stone Soup version 0.30-a0-800-g7c544603b3 (webtiles) character file.

Game seed: 15599299685323183131

679 Zenkrye the Poker (level 7, -8/52 HPs)
             Began as a Human Cinder Acolyte on Feb 21, 2023.
             Was a High Priest of Ignis.
             Mangled by a wyvern zombie (11 damage)
             ... in an ossuary.
             The game lasted 00:08:57 (3405 turns).

Zenkrye the Poker (Human Cinder Acolyte)            Turns: 3405, Time: 00:08:58

Health: -8/52      AC:  6    Str: 22    XL:     7   Next: 92%
Magic:  6/8        EV: 10    Int: 15    God:    Ignis [*****.]
Gold:   1327       SH:  0    Dex:  8    Spells: 6/8 levels left

rFire   + . .      SeeInvis .    l - +3 spear (heavy)
rCold   . . .      Faith    .    (no shield)
rNeg    . . .      Spirit   .    k - +0 ring mail
rPois   .          Reflect  .    (no helmet)
rElec   .          Harm     .    h - +0 cloak
rCorr   .          Rampage  .    (no gloves)
Will    .....                    (no boots) Stlth
                                 (no amulet)
HPRegen 0.28/turn                f - +6 ring of strength
MPRegen 0.11/turn                m - ring of flight

@: mighty, flying
A: no striking features
a: Renounce Religion, Fiery Armour, Foxfire Swarm, Rising Flame


You were in an ossuary.
You worshipped Ignis.
Ignis was extremely pleased with you.
You visited 1 branch of the dungeon, and saw 4 of its levels.
You also visited: Ossuary.

You collected 1327 gold pieces.

Inventory:

Hand Weapons
 a - a -1 spear of flaming
 d - a +0 spear
 l - a +3 heavy spear (weapon)
Missiles
 n - 2 poisoned darts (quivered)
Armour
 b - a +0 robe
 h - a +0 cloak (worn)
 j - a +0 tower shield
 k - a +0 ring mail (worn)
Jewellery
 f - a +6 ring of strength (left hand)
 m - a ring of flight (right hand)
Wands
 o - a wand of paralysis (2)
Potions
 c - 3 potions of curing {@q1}
 e - 2 potions of mutation
 t - 2 potions of ambrosia


   Skills:
 + Level 3.6 Fighting
 * Level 6.5 Polearms
 - Level 1.0 Spellcasting
 - Level 5.0 Fire Magic
 - Level 3.0 Evocations


You had 6 spell levels left.
You knew the following spells:

 Your Spells              Type           Power      Damage    Failure   Level
a - Scorch                Fire           30%        2d7       8%          2

Your spell library contained the following spells:

 Spells                   Type           Power      Damage    Failure   Level


Dungeon Overview and Level Annotations

Branches:
Dungeon (4/15)            Ossuary (1/1)
 Temple: D:4-7

Altars:
Uskayaw

Shops:
D:1 :

Annotations:
D:4 Edmund


Message History

The bullfrog zombie hits you but does no damage.
A wyvern zombie comes into view.
The bullfrog zombie hits you but does no damage.
You puncture the bullfrog zombie!
The bullfrog zombie is heavily damaged.
A killer bee zombie comes into view.
The bullfrog zombie hits you.
You puncture the bullfrog zombie!
The bullfrog zombie is almost destroyed.
A centaur zombie comes into view.
The bullfrog zombie hits you. x2
* * * LOW HITPOINT WARNING * * *
You hit the bullfrog zombie.
You destroy the bullfrog zombie!
The killer bee zombie hits you but does no damage.
You impale the killer bee zombie!!
The killer bee zombie is severely damaged.
The killer bee zombie misses you.
The killer bee zombie hits you but does no damage.
You miss the killer bee zombie. You punch the killer bee zombie.
You destroy the killer bee zombie!
The wyvern zombie bites you!
* * * LOW HITPOINT WARNING * * *
Casting: Scorch (safe; 8% risk of failure)
Confirm with . or Enter, or press ? or * to list all spells.
Flames lash the centaur zombie.
The centaur zombie is lightly damaged.
The centaur zombie's fire resistance burns away.
The centaur zombie is engulfed in a cloud of scalding steam.
The wyvern zombie closely misses you.
The centaur zombie is engulfed in a cloud of scalding steam.
You barely miss the wyvern zombie. The wyvern zombie barely misses you.
The centaur zombie is engulfed in a cloud of scalding steam.
You puncture the wyvern zombie!
The wyvern zombie is moderately damaged.
The wyvern zombie bites you.
* * * LOW HITPOINT WARNING * * *
The centaur zombie is engulfed in a cloud of scalding steam.
The wyvern zombie bites you!
You die...

#~.. ##
+~M##≈
#~..~ #Z~~
~~.
#####.###≈#
#∩..#~'.~≈#
#.∩@ZZ#
#...#~+
#####~# ~~~
~~~~ .#.≈≈#
#~#~## ≈ #≈


You could see a wyvern zombie and a centaur zombie (combustible).

Vanquished Creatures
  A hornet zombie (Ossuary)
  A water moccasin zombie (Ossuary)
  3 centaur zombies (Ossuary)
  3 bullfrog zombies (Ossuary)
  2 orc wizards (D:3)
  A killer bee zombie (Ossuary)
  8 mummies
  4 gnolls (D:3)
  3 adders
  A dart slug (D:1)
  7 orcs
  5 bats
  2 endoplasms
  A giant cockroach (D:1)
  3 goblins
  3 hobgoblins
  2 quokkas
  6 ball pythons
  3 frilled lizards
  7 kobolds
  8 rats
74 creatures vanquished.

Vanquished Creatures (others)
  6 withered plants (Ossuary)
6 creatures vanquished.

Grand Total: 80 creatures vanquished

Notes
Turn   | Place    | Note
-------+----------+-------------------------------------------
     0 | D:1      | Zenkrye the Human Cinder Acolyte began the quest for the
                  | Orb.
     0 | D:1      | Reached XP level 1. HP: 18/18 MP: 2/2
   328 | D:1      | Reached XP level 2. HP: 20/24 MP: 3/3
   698 | D:1      | Reached XP level 3. HP: 29/29 MP: 4/4
   773 | D:1      | Found Veqeyc's Book Boutique.
  1308 | D:2      | Learned a level 2 spell: Scorch
  1724 | D:2      | Found a hide-covered altar of Uskayaw.
  1976 | D:2      | Reached XP level 4. HP: 35/35 MP: 5/5
  2112 | D:3      | Reached skill level 4 in Polearms
  2143 | D:3      | Reached XP level 5. HP: 13/41 MP: 4/6
  2276 | D:3      | Paralysed by an orc for 4 turns
  2795 | D:3      | Identified a scroll of acquirement
  2795 | D:3      | Acquired 1145 gold pieces
  2839 | D:4      | Reached skill level 1 in Evocations
  2900 | D:4      | Noticed Edmund
  2986 | D:4      | Found a sand-covered staircase.
  3051 | D:4      | Reached XP level 6. HP: 35/47 MP: 5/7
  3096 | Ossuary  | Entered an ossuary
  3116 | Ossuary  | Reached skill level 5 in Polearms
  3116 | Ossuary  | Reached skill level 5 in Fire Magic
  3131 | Ossuary  | Reached XP level 7. HP: 17/52 MP: 8/8
  3360 | Ossuary  | Reached skill level 6 in Polearms
  3405 | Ossuary  | Mangled by a wyvern zombie

Illustrated notes

Levels and vault maps discovered:
D:1:      ebering_trefoil_3fold, layout_basic, serial_shops,
          nicolae_shop_hallway_stairs, minmay_tromino_mix6
D:2:      layout_basic, basic_altar, minmay_door_square, nrook_campfire
D:3:      layout_loops_ring, hangedman_decor_diamond_cutter
D:4:      layout_rooms, gammafunk_ghost_necromancy, nicolae_ossuary_entry_giza,
          minmay_checkerbox, uniq_edmund
Ossuary:  ossuary_zaba_flooded

Skill      XL: |  1  2  3  4  5  6  7 |
---------------+----------------------+-----
Polearms       | 4 5 6 |  6.5
Fire Magic     | 4 5 |  5.0
Evocations     | 1 2 3 |  3.0
Fighting       | |  3.6
Spellcasting   | |  1.0

Action                     |  1- 3 |  4- 6 |  7- 9 || total
---------------------------+-------+-------+-------++-------
  Melee: Spear             |   128 |   104 |    38 ||   270
         Punch             |       |     3 |     1 ||     4
   Cast: Scorch            |       |     2 |     1 ||     3
  Evoke: Wand              |       |     3 |     2 ||     5
    Use: Scroll            |     2 |     4 |     1 ||     7
         Potion            |       |     2 |     3 ||     5
   Stab: Paralysed         |       |     3 |     8 ||    11
 Armour: Robe              |    22 |       |       ||    22
         Ring mail         |     4 |    46 |    13 ||    63
  Dodge: Dodged            |    64 |    69 |    17 ||   150

Table legend: (Time is in decaauts)
 A = Elapsed time spent in this place.
 B = Non-inter-level travel time spent in this place.
 C = Inter-level travel time spent in this place.
 D = Time resting spent in this place.
 E = Time spent auto-exploring this place.
 F = Levels seen in this place.
 G = Mean time per level.
                   A        B        C        D        E       F      G
               +--------+--------+--------+--------+--------+-----+--------+
         Total |   3456 |   3265 |    191 |    415 |   2195 |   5 |  691.2 |
       Dungeon |   3105 |   2914 |    191 |    193 |   2192 |   4 |  776.2 |
       Ossuary |    350 |    350 |      0 |    222 |      3 |   1 |  350.0 |
               +--------+--------+--------+--------+--------+-----+--------+

Top non-repeatable levels by time:
     D:2: 1026 daAuts
     D:1: 970 daAuts
     D:3: 874 daAuts
 Ossuary: 350 daAuts
     D:4: 233 daAuts
